 Dungeon Crawl Stone Soup version 0.28-a0-2-g643f2454ad (webtiles) character file.

Game seed: 3132936194012972983

51 SkeletonJelly the Skirmisher (level 3, -1/31 HPs)
             Began as a Draconian Fighter on July 23, 2021.
             Was a Follower of Cheibriados.
             Slain by an orc (6 damage)
             ... on level 3 of the Dungeon.
             The game lasted 00:03:33 (2630 turns).

SkeletonJelly the Skirmisher (Draconian Fighter)    Turns: 2630, Time: 00:03:33

Health: -1/31      AC:  5    Str: 21    XL:     3   Next: 57%
Magic:  3/3        EV: 10    Int: 11    God:    Cheibriados [*.....]
Gold:   44         SH:  9    Dex: 14    Spells: 2/2 levels left

rFire   . . .      SeeInvis .   a - +0 war axe
rCold   . . .      Faith    .   b - +0 kite shield
rNeg    . . .      Spirit   .   (armour unavailable)
rPois   .          Reflect  .   (helmet restricted)
rElec   .          Harm     .   (no cloak)
rCorr   .          Rampage  .   (no gloves)
Will    .....                   (no boots)
Stlth   +.........              (no amulet)
HPRegen 0.10/turn               (no ring)
MPRegen 0.08/turn               (no ring)

@: very slow
A: AC +5, unfitting armour, cold-blooded
a: Renounce Religion, Bend Time


You were on level 3 of the Dungeon.
You worshipped Cheibriados.
Cheibriados was aware of your devotion.
You visited 1 branch of the dungeon, and saw 3 of its levels.

You collected 44 gold pieces.

Inventory:

Hand Weapons
 a - a +0 war axe (weapon)
Missiles
 h - 4 javelins (quivered)
Armour
 b - a +0 kite shield (worn)
 n - a +0 cloak
Wands
 i - a wand of iceblast (10)
Scrolls
 j - a scroll of identify
Potions
 c - 3 potions of might
 d - a potion of attraction
 e - a potion of heal wounds {unknown}
 k - a potion of invisibility {unknown}


   Skills:
 - Level 3.6 Fighting
 * Level 3.4 Axes
 - Level 2.6 Dodging
 - Level 3.0 Shields
 + Level 1.2 Invocations


You had 2 spell levels left.
You didn't know any spells.
Your spell library contained the following spells:

 Spells                   Type           Power      Damage    Failure   Level
 Animate Skeleton         Necr           0%         N/A       86%         1
 Apportation              Tloc           0%         N/A       86%         1
 Corona                   Hex            0%         N/A       86%         1
 Summon Small Mammal      Summ           0%         N/A       86%         1


Dungeon Overview and Level Annotations

Branches:
Dungeon (3/15)

Altars:
Cheibriados

Annotations:
D:3 Sigmund


Innate Abilities, Weirdness & Mutations

Your plain brown scales are hard. (AC +5)
You cannot fit into any form of body armour.
You are cold-blooded and may be slowed by cold attacks.


Message History

The frilled lizard misses you.
You hit the frilled lizard.
You kill the frilled lizard!
Cheibriados appreciates the change of pace.
A kobold comes into view. It is wielding a +0 dagger.
A quokka comes into view.
The kobold shouts!
The kobold throws a stone.
You block the stone. You block the kobold's attack.
You barely miss the kobold.
Your tail-slap misses the kobold.
You barely miss the quokka.
The quokka bites you but does no damage.
The kobold barely misses you. The quokka bites you.
The kobold hits you but does no damage.
You take 1 damage, and have 30/31 hp.
You hit the kobold.
You kill the kobold!
Cheibriados appreciates the change of pace.
You closely miss the quokka. The quokka barely misses you. x2
Things that are here:
a +0 dagger; 25 stones; a kobold corpse The quokka closely misses you.
You hit the quokka.
You kill the quokka!
Cheibriados appreciates the change of pace.
Cheibriados raises the support of your attributes as your movement slows.
You hear the slow rusting of a drain nearby.
Health restored: 31
Items here: ( ) ††.
An orc comes into view. It is wielding a +0 club.
The orc moves out of view.
A giant cockroach comes into view.
The giant cockroach misses you. You block the giant cockroach's attack.
An orc wizard comes into view. It is wielding a +0 dagger.
The orc wizard shouts!
An orc comes into view. It is wielding a +0 trident.
The giant cockroach barely misses you.
The orc wizard moves out of view.
An orc comes into view. It is wielding a +0 dagger.
An orc comes into view. It is wielding a +0 falchion.
The orc shouts! x3
The orc wizard casts a spell at you. The puff of flame hits you!
There is an open door here.
You take 8 damage, and have 23/31 hp.
MASSIVE DAMAGE!!
The giant cockroach bites you but does no damage.
You barely miss the giant cockroach. You block the giant cockroach's attack.
The giant cockroach barely misses you.
You barely miss the giant cockroach. You hit the orc wizard.
You hit the orc but do no damage. You block the giant cockroach's attack.
The orc closely misses you. You block the orc wizard's attack.
The giant cockroach barely misses you.
You barely miss the giant cockroach. You closely miss the orc wizard.
You barely miss the orc. x2; You block the orc's attack.
The giant cockroach misses you. The orc hits you with a +0 dagger.
The orc hits you from afar with a +0 trident.
You block the orc wizard's attack. The orc hits you but does no damage.
You take 4 damage, and have 19/31 hp.
You hit the giant cockroach.
You kill the giant cockroach!
Cheibriados appreciates the change of pace.
You closely miss the orc wizard. You closely miss the orc.
You barely miss the orc. The orc closely misses you.
The orc hits you but does no damage.
The orc wizard hits you but does no damage.
The orc hits you with a +0 dagger. You block the orc's attack.
The orc wizard hits you with a +0 dagger.
You take 2 damage, and have 17/31 hp.
You completely miss the orc. You closely miss the orc.
You closely miss the orc wizard. You block the orc's attack. x2
The orc hits you from afar with a +0 trident.
The orc wizard hits you but does no damage.
The orc closely misses you. x2; The orc hits you with a +0 dagger.
* * * LOW HITPOINT WARNING * * *
You take 8 damage, and have 9/31 hp.
MASSIVE DAMAGE!!
You barely miss the orc.
You tail-slap the orc, but do no damage.
You closely miss the orc.
You hit the orc wizard but do no damage.
You barely miss the orc.
The orc hits you from afar with a +0 trident.
* * * LOW HITPOINT WARNING * * *
The orc wizard closely misses you. You block the orc's attack.
The orc closely misses you. You block the orc's attack.
The orc hits you from afar with a +0 trident.
* * * LOW HITPOINT WARNING * * *
The orc wizard hits you but does no damage.
The orc hits you but does no damage.
You take 4 damage, and have 5/31 hp.
You slash the orc!
You kill the orc!
Cheibriados thoroughly appreciates the change of pace.
You slash the orc!
You kill the orc!
Cheibriados appreciates the change of pace.
You hit the orc wizard but do no damage.
You closely miss the orc. You block the orc's attack.
The orc closely misses you. The orc wizard barely misses you.
You block the orc's attack.
The orc hits you from afar with a +0 trident.
You die...

#.....#####.#
#...........
.......
####.#########
....... #..).#####
....... #.####...#
...... ## #.#
#...# ##.... ..
#.# #...# #o..# #.
#.####...#####.).#
#.
#............)@o.#
#.
########.....#.o.#
#. #.....#...# #<
#.....#...# #.
#.....#...# #@
#.....#...# #.
#.....#...#
#..@....
#.....#####
..######


You could see an orc wizard and 2 orcs.

Vanquished Creatures
  2 orcs (D:3)
  A bat (D:2)
  5 endoplasms
  2 giant cockroaches
  3 goblins (D:1)
  5 hobgoblins
  7 jackals
  2 quokkas
  3 ball pythons
  3 frilled lizards
  4 kobolds
  9 rats
46 creatures vanquished.

Notes
Turn   | Place    | Note
-------+----------+-------------------------------------------
     0 | D:1      | SkeletonJelly the Draconian Fighter began the quest for the
                  | Orb.
     0 | D:1      | Reached XP level 1. HP: 19/19 MP: 1/1
   417 | D:1      | Reached XP level 2. HP: 26/26 MP: 2/2
   420 | D:1      | You fall into a shaft and drop 1 floor!
   420 | D:2      | Found a snail-covered altar of Cheibriados.
   509 | D:2      | Became a worshipper of Cheibriados the Contemplative
  1166 | D:1      | Reached XP level 3. HP: 21/31 MP: 3/3
  1299 | D:1      | Reached * piety under Cheibriados
  1495 | D:1      | Reached skill level 1 in Invocations
  2538 | D:3      | Noticed Sigmund
  2630 | D:3      | Slain by an orc

Illustrated notes

Levels and vault maps discovered:
D:1:      elethiomel_arrival_maze, layout_basic
D:2:      layout_basic, basic_altar
D:3:      layout_basic, gup_sewer_entry_spiral, uniq_sigmund

Skill      XL: |  1  2  3 |
---------------+----------+-----
Axes           | 3 |  3.4
Invocations    | 1 |  1.2
Fighting       | |  3.6
Dodging        | |  2.6
Shields        | |  3.0

Action                   || total
-------------------------++-------
Melee: War axe           ||   104
       Tailslap          ||    13
  Use: Scroll            ||     5
 Stab: Sleeping          ||     2
Armor: Skin              ||    34
Dodge: Dodged            ||    61
Block: Kite shield       ||    56

Table legend: (Time is in decaauts)
 A = Elapsed time spent in this place.
 B = Non-inter-level travel time spent in this place.
 C = Inter-level travel time spent in this place.
 D = Time resting spent in this place.
 E = Time spent auto-exploring this place.
 F = Levels seen in this place.
 G = Mean time per level.
                   A        B        C        D        E       F      G
               +--------+--------+--------+--------+--------+-----+--------+
         Total |   3260 |   2909 |    351 |      0 |   2483 |   3 | 1086.7 |
       Dungeon |   3260 |   2909 |    351 |      0 |   2483 |   3 | 1086.7 |
               +--------+--------+--------+--------+--------+-----+--------+

Top non-repeatable levels by time:
     D:2: 1589 daAuts
     D:1: 1554 daAuts
     D:3: 116 daAuts
